AoeStats
← AiM | Natural Killer

Arabian Desert

509743740Analyzed
1v1 RM · 5d ago on Sep 27, 2026· 39m 39s· 2 players
Game mode
Random Map
Map size
Tiny (2 player)
Population
200
Speed
Normal
Resources
Standard
Victory
Conquest
Starting age
Dark Age
Ending age
Imperial Age
RankedLock teamsTeams togetherTeam positionsShared explorationLock speedFull tech treeHidden civsTurbo modeCheats
Victory
Defeat
1590
+14
🇨🇦 Sicilians · Canada
1551
-14
hogrider249
5:55 Loom
8:47 Feudal Age
9:16 Double-Bit Axe
11:14 Horse Collar
16:13 Fletching
23:41 Castle Age
22:22 Padded Archer Armor
24:21 Bodkin Arrow
23:46 Crossbowman
30:33 Scale Mail Armor
AiM | Natural Killer
6:40 Loom
9:14 Feudal Age
9:45 Double-Bit Axe
17:35 Fletching
19:30 Wheelbarrow
19:41 Scale Mail Armor
21:31 Forging
22:08 Horse Collar
27:23 Castle Age
26:46 Padded Archer Armor
27:42 Elite Skirmisher
28:19 Bodkin Arrow
29:06 Chain Mail Armor
36:46 Gambesons
38:03 Squires
39:36 Arson
Connection lost

Rejoining the realm…

Still unreachable

The connection could not be restored.

Session expired

The server has moved on; the page needs a fresh start.